 Dungeon Crawl Stone Soup version 0.27-a0-67-g4bfc8a49e1 (webtiles) character file.

Game seed: 15774953805903978729

325 Borgoz the Covered (level 6, 0/43 HPs)
             Began as a Halfling Fighter on Jan 9, 2021.
             Succumbed to a scorpion's poison
             ... on level 4 of the Dungeon.
             The game lasted 00:03:23 (2872 turns).

Borgoz the Covered (Halfling Fighter)               Turns: 2872, Time: 00:03:23

Health: 0/43       AC:  9    Str: 15 (17) XL:     6   Next: 78%
Magic:  6/6        EV: 11    Int:  4 (6)  God:
Gold:   51         SH:  6    Dex: 15 (16) Spells: 5/5 levels left

rFire    . . .     SeeInvis .   a - +0 long sword
rCold    . . .     Faith    .   g - +0 buckler
rNeg     . . .     Spirit   .   b - +0 scale mail
rPois    .         Reflect  .   h - +1 helmet
rElec    .         Harm     .   o - scarf {repulsion}
rCorr    .         Rampage  .   (no gloves)
Will     .....                  (no boots)
Stlth    ..........             (no amulet)
HPRegen  0.14/turn              (no ring)
MPRegen  0.10/turn              (no ring)

@: lethally poisoned (0 -> -1), berserk cooldown, repel missiles
A: small, mutation resistance 1
a: no special abilities


You were on level 4 of the Dungeon.
You visited 1 branch of the dungeon, and saw 4 of its levels.

You collected 51 gold pieces.

Inventory:

Hand Weapons
 a - a +0 long sword (weapon)
Armour
 b - a +0 scale mail (worn)
 g - a +0 buckler (worn)
 h - a +1 helmet (worn)
 o - a scarf of repulsion (worn)
Jewellery
 k - an uncursed ring of flight
Scrolls
 f - 2 scrolls of remove curse
Potions
 d - 2 potions of might


   Skills:
 + Level 3.7 Fighting
 * Level 4.4 Long Blades
 + Level 4.5 Armour
 + Level 4.5 Shields


You had 5 spell levels left.
You didn't know any spells.
Your spell library was empty.

Dungeon Overview and Level Annotations

Branches:
Dungeon (4/15)
 Temple: D:4-7

Altars:
Fedhas
Qazlal


Innate Abilities, Weirdness & Mutations

You are small and have problems with some larger weapons.
You are somewhat resistant to further mutation.


Message History

You feel sick.
* * * LOW HITPOINT WARNING * * *
You feel sick.
A leopard gecko comes into view.
* * * LOW HITPOINT WARNING * * *
You feel sick.
* * * LOW HITPOINT WARNING * * *
You feel sick.
* * * LOW HITPOINT WARNING * * *
You feel sick.
* * * LOW HITPOINT WARNING * * *
You feel sick.
Found 10 gold pieces.
* * * LOW HITPOINT WARNING * * *
You feel sick.
Found a stone staircase leading up.
Found 20 gold pieces.
Found a stone staircase leading down. 2 skeletons come into view.
Found a gold piece.
You die...

##.... #............
#....## ###.............
#.....###..............#
..........#.............
..........#.............
.....#..................
.......##.#.............
.......####.##.......>..
##.##.## #.##..@....Z..
......# #...........$..
#............#..........
###.....##..###...$<#..?
###.....##... #......Z##
..#..#..##. #.###...$
....##...# ... .....
...... ... .. #....
.....#


You could see a leopard gecko skeleton and a bullfrog skeleton.

Vanquished Creatures
  An ogre (D:4)
  A scorpion (D:4)
  A hound (D:2)
  An orc wizard (D:3)
  4 adders
  An ooze (D:2)
  3 worms
  A dart slug (D:2)
  4 leopard geckos
  5 orcs (D:3)
  3 giant cockroaches
  13 goblins
  5 hobgoblins
  2 jackals (D:3)
  2 quokkas (D:2)
  A ball python (D:2)
  6 bats
  2 frilled lizards
  10 kobolds
  A rat (D:3)
67 creatures vanquished.

Notes
Turn   | Place    | Note
-------+----------+-------------------------------------------
     0 | D:1      | Borgoz the Halfling Fighter began the quest for the Orb.
     0 | D:1      | Reached XP level 1. HP: 15/15 MP: 1/1
   151 | D:1      | Reached XP level 2. HP: 19/20 MP: 2/2
   510 | D:1      | Reached XP level 3. HP: 22/25 MP: 3/3
   726 | D:2      | Found a blossoming altar of Fedhas.
  1103 | D:2      | Reached XP level 4. HP: 31/31 MP: 4/4
  1278 | D:2      | Found a stormy altar of Qazlal.
  1511 | D:2      | Reached XP level 5. HP: 36/36 MP: 5/5
  2805 | D:4      | Noticed an ogre
  2829 | D:4      | Killed an ogre
  2830 | D:4      | Reached XP level 6. HP: 29/42 MP: 6/6
  2857 | D:4      | HP: 2/43 [poisoned by a scorpion]
  2864 | D:4      | HP: 1/43 [poisoned by a scorpion]
  2872 | D:4      | Succumbed to a scorpion's poison

Illustrated notes

Levels and vault maps discovered:
D:1:      minmay_arrival_shoal_huts, layout_basic, minmay_pentomino_t2
D:2:      layout_basic, fedhas_altar_1, grunt_qazlal_sundering
D:3:      layout_basic
D:4:      layout_cave_pools, gammafunk_temple_overflow_pools, lightli_minifort,
          uniq_crazy_yiuf_cottage

Skill      XL: |  1  2  3  4  5 |
---------------+----------------+-----
Fighting       | 3 |  3.7
Long Blades    | 3 4 |  4.4
Armour         | 4 |  4.5
Shields        | 4 |  4.5

Action                   |  1- 3 |  4- 6 || total
-------------------------+-------+-------++-------
Melee: Long sword        |    88 |   135 ||   223
  Use: Scroll            |       |     4 ||     4
       Potion            |       |     6 ||     6
Armor: Scale mail        |    33 |    55 ||    88
Dodge: Dodged            |    44 |    90 ||   134
Block: Kite shield       |     9 |       ||     9
       Buckler           |    30 |    42 ||    72
       Rpst.: Long sword |    10 |    31 ||    41

Table legend: (Time is in decaauts)
 A = Elapsed time spent in this place.
 B = Non-inter-level travel time spent in this place.
 C = Inter-level travel time spent in this place.
 D = Time resting spent in this place.
 E = Time spent auto-exploring this place.
 F = Levels seen in this place.
 G = Mean time per level.
                   A        B        C        D        E       F      G
               +--------+--------+--------+--------+--------+-----+--------+
         Total |   2929 |   2869 |     60 |    432 |   1914 |   4 |  732.2 |
       Dungeon |   2929 |   2869 |     60 |    432 |   1914 |   4 |  732.2 |
               +--------+--------+--------+--------+--------+-----+--------+

Top non-repeatable levels by time:
     D:2: 1158 daAuts
     D:3: 962 daAuts
     D:1: 730 daAuts
     D:4: 78 daAuts
